 Dungeon Crawl Stone Soup version 0.28-a0-861-ge64d6db94f (webtiles) character file.

Game seed: 10555909239110556943

4946 bande the Blocker (level 10, -6/61 HPs)
             Began as a Gargoyle Fighter on Nov 16, 2021.
             Was an Elder of Okawaru.
             Mangled by a two-headed ogre (21 damage)
             ... on level 8 of the Dungeon.
             The game lasted 00:16:32 (8720 turns).

bande the Blocker (Gargoyle Fighter)                Turns: 8720, Time: 00:16:33

Health: -6/61      AC: 24    Str: 20    XL:     10   Next: 52%
Magic:  14/14      EV:  4    Int: 10    God:    Okawaru [****..]
Gold:   667        SH: 17    Dex: 11    Spells: 9/9 levels left

rFire   . . .      SeeInvis .   a - +1 war axe (venom)
rCold   . . .      Faith    .   f - +2 tower shield
rNeg    + . .      Spirit   .   t - +0 chain mail
rPois   ∞          Reflect  .   (no helmet)
rElec   +          Harm     .   l - +0 cloak
rCorr   .          Rampage  .   (no gloves)
Will    .....                   j - +1 pair of boots
Stlth   ..........              e - amulet of regeneration
HPRegen 1.20/turn               c - +4 ring of protection
MPRegen 0.14/turn               (no ring)

@: no status effects
A: sickness immunity, AC +7, negative energy resistance 1, electricity
resistance, torment resistance 1, petrification resistance
a: Renounce Religion, Heroism, Finesse


You were on level 8 of the Dungeon.
You worshipped Okawaru.
Okawaru was greatly pleased with you.
You visited 2 branches of the dungeon, and saw 10 of its levels.
You also visited: Sewer and Ossuary.

You collected 667 gold pieces.

Inventory:

Hand Weapons
 a - a +1 war axe of venom (weapon)
 r - a +0 flail of protection
Missiles
 b - 2 throwing nets (quivered)
Armour
 f - a +2 tower shield (worn)
 j - a +1 pair of boots (worn)
 l - a +0 cloak (worn)
 t - a +0 chain mail (worn)
Jewellery
 c - a +4 ring of protection (left hand)
 e - an amulet of regeneration (around neck)
 g - an amulet of guardian spirit
Wands
 v - a wand of iceblast (10)
Scrolls
 m - a scroll of amnesia
 o - a scroll of fear
 p - a scroll of blinking
 w - a scroll of magic mapping
 y - 2 scrolls of brand weapon
Potions
 d - 2 potions of might
 h - 2 potions of magic
 i - 6 potions of brilliance
 k - 4 potions of heal wounds
 n - 6 potions of curing
 q - 3 potions of degeneration {unknown}
 s - a potion of flight {unknown}
 u - a potion of invisibility {unknown}


   Skills:
 + Level 6.5 Fighting
 + Level 8.6 Axes
 + Level 6.0 Armour
 + Level 9.2 Shields
 * Level 5.7 Invocations
 * Level 2.7 Evocations


You had 9 spell levels left.
You didn't know any spells.
Your spell library contained the following spells:

 Spells                   Type           Power      Damage    Failure   Level
 Magic Dart               Conj           0%         1d3       100%        1
 Searing Ray              Conj           0%         2d4       100%        2
 Wereblood                Tmut           0%         N/A       100%        2
 Conjure Flame            Conj/Fire      0%         6-21      100%        3
 Ignite Poison            Fire/Tmut/Pois 0%         N/A       100%        3
 Mephitic Cloud           Conj/Pois/Air  0%         N/A       100%        3
 Ozocubu's Armour         Ice            0%         N/A       100%        3
 Fulminant Prism          Conj/Hex       0%         3d6       100%        4
 Sticky Flame             Conj/Fire      0%         2d3       100%        4
 Metabolic Englaciation   Hex/Ice        0%         N/A       100%        5
 Call Imp                 Summ           Unusable   N/A       N/A         2
 Sublimation of Blood     Necr           Unusable   N/A       N/A         2
 Simulacrum               Ice/Necr       Unusable   N/A       N/A         6
 Summon Hydra             Summ           Unusable   N/A       N/A         7

Dungeon Overview and Level Annotations

Branches:
Dungeon (9/15)             Temple (1/1) D:5           Sewer (visited)
Ossuary (visited)
   Lair: D:8-11         Orc: D:9-12

Altars:
Cheibriados
Dithmenos
Elyvilon
Fedhas
Gozag
Kikubaaqudgha
Makhleb
Nemelex Xobeh
Okawaru
Qazlal
Ru
Sif Muna
Trog
Wu Jian
Xom

Shops:
D:6 [


Innate Abilities, Weirdness & Mutations

You are immune to sickness and miasma.
Your stone body is resilient. (AC +7)
You are immune to poison.
You resist negative energy. (rN+)
You are resistant to electric shocks. (rElec)
You are resistant to unholy torment.
You are immune to petrification.


Message History

The killer bee looks as sick as possible!
The killer bee stings you. The killer bee completely misses you.
You block the killer bee's attack. x2
The killer bee stings you but does no damage. x2
You barely miss the two-headed ogre.
The two-headed ogre is lightly wounded.
You miss the killer bee. x2
You kill the killer bee!
Okawaru accepts your kill. You block the killer bee's attack.
You block the two-headed ogre's attack.
The two-headed ogre hits you with a +0 giant club!
The killer bee stings you but does no damage.
You hit the two-headed ogre.
The two-headed ogre is moderately wounded.
You miss the killer bee.
The killer bee stings you but does no damage.
You block the killer bee's attack. You block the two-headed ogre's attack.
The two-headed ogre hits you with a +0 giant club!
You block the killer bee's attack.
You slash the two-headed ogre!
The two-headed ogre is heavily wounded.
You barely miss the killer bee. You block the killer bee's attack. x2
You block the two-headed ogre's attack.
The two-headed ogre hits you with a +0 giant club!
The killer bee stings you but does no damage.
You hit the two-headed ogre but do no damage.
The two-headed ogre looks as sick as possible!
The two-headed ogre is heavily wounded.
You closely miss the killer bee. You block the killer bee's attack.
You block the two-headed ogre's attack.
The two-headed ogre hits you with a +0 giant club.
* * * LOW HITPOINT WARNING * * *
The killer bee stings you but does no damage.
You barely miss the two-headed ogre.
The two-headed ogre is heavily wounded.
You hit the killer bee. You block the killer bee's attack.
The killer bee stings you.
* * * LOW HITPOINT WARNING * * *
The two-headed ogre hits you with a +0 giant club!!
You die...

### #.#### #############
#....# #......#.....
#.##.#### #.####.#.##.#
#.#.cO@y# #.# #.#.#..#
#.#..##†###.# #.#.#..)
#.#.........# #.#....)
#.#....<..#.# #.....)#
#####.#.#####.###########)#
#.....#.......#...........#
#.....######..#.########..#
#.....# #..#...........#
#.....# #..#.########.##


You could see a two-headed ogre (extremely poisoned), a centaur (poisoned) and a
killer bee.

Vanquished Creatures
  A troll (D:8)
  6 yaks (D:8)
  3 orc warriors
  A sky beast (D:5)
  3 ogres
  An ice beast (D:6)
  A black bear (D:4)
  2 wolves (D:7)
  3 centaurs
  4 kobold brigands
  A wyvern zombie (D:6)
  2 bullfrogs
  2 gnoll sergeants (D:7)
  A scorpion (D:6)
  3 elf skeletons (D:7)
  A water moccasin skeleton (D:6)
  2 killer bees (D:8)
  A howler monkey (D:5)
  5 wights (D:8)
  A jelly (D:6)
  2 bullfrog zombies
  A centaur zombie (D:7)
  6 hounds
  3 orc priests
  4 gnoll shamans
  A centaur skeleton (D:7)
  4 iguanas
  A human skeleton (D:7)
  7 orc wizards
  2 hound zombies (D:5)
  8 mummies (Ossuary)
  2 howler monkey skeletons
  21 gnolls
  8 adders
  5 river rats
  A white imp (D:8)
  2 ufetubi (D:5)
  4 worms
  6 dart slugs
  27 orcs
  5 ball pythons
  9 endoplasms
  2 giant cockroaches
  2 gnoll zombies (Ossuary)
  5 goblins
  2 hobgoblins
  7 jackals
  7 quokkas
  A bat (D:1)
  A frilled lizard (D:1)
  3 hobgoblin zombies (Ossuary)
  15 kobolds
  2 kobold zombies (Ossuary)
  An orc skeleton (D:7)
  2 orc zombies
  29 rats
252 creatures vanquished.

Vanquished Creatures (others)
  A kobold brigand (D:9)
  6 plants (D:5)
7 creatures vanquished.

Grand Total: 259 creatures vanquished

Notes
Turn   | Place    | Note
-------+----------+-------------------------------------------
     0 | D:1      | bande the Gargoyle Fighter began the quest for the Orb.
     0 | D:1      | Reached XP level 1. HP: 14/14 MP: 1/1
   357 | D:1      | Reached XP level 2. HP: 19/19 MP: 2/2
  1111 | D:1      | Found a faded altar of an unknown god.
  2053 | D:2      | Reached XP level 3. HP: 19/24 MP: 3/3
  2493 | D:2      | Reached XP level 4. HP: 29/29 MP: 4/4
  2745 | D:2      | Reached skill level 4 in Shields
  3111 | D:3      | Found a burning altar of Makhleb.
  3177 | D:3      | Reached XP level 5. HP: 31/33 MP: 5/5
  3729 | D:4      | Noticed a black bear
  3743 | D:4      | Killed a black bear
  3744 | D:4      | Reached XP level 6. HP: 38/38 MP: 6/6
  4075 | D:4      | Reached skill level 5 in Shields
  4178 | D:4      | Found a shimmering blue altar of Sif Muna.
  4288 | D:4      | Found a bloodstained altar of Trog.
  4297 | D:4      | Found a blossoming altar of Fedhas.
  4299 | D:4      | Found an ancient bone altar of Kikubaaqudgha.
  4364 | D:5      | Entered Level 5 of the Dungeon
  4425 | D:5      | Reached XP level 7. HP: 44/44 MP: 7/7
  4529 | D:5      | Reached skill level 5 in Axes
  4611 | D:5      | Reached skill level 6 in Shields
  4631 | D:5      | Reached XP level 8. HP: 48/48 MP: 8/8
  4678 | D:5      | Found a sparkling altar of Nemelex Xobeh.
  4726 | D:5      | Found a staircase to the Ecumenical Temple.
  4740 | Temple   | Entered the Ecumenical Temple
  4776 | Temple   | Became a worshipper of Warmaster Okawaru
  4855 | D:5      | Reached skill level 5 in Fighting
  4858 | D:5      | Reached skill level 1 in Invocations
  5098 | D:6      | Found a glowing drain.
  5122 | Sewer    | Entered a sewer
  5459 | Sewer    | Reached skill level 5 in Armour
  5763 | D:6      | Reached skill level 7 in Shields
  5765 | D:6      | Reached * piety under Okawaru
  5847 | D:6      | Reached XP level 9. HP: 54/54 MP: 11/11
  6031 | D:6      | Found Hefodysi's Antique Armour Shop.
  6673 | D:7      | Found a sand-covered staircase.
  6688 | Ossuary  | Entered an ossuary
  7060 | D:6      | Reached ** piety under Okawaru
  7157 | D:7      | Reached skill level 8 in Shields
  7247 | D:7      | Found a shadowy altar of Dithmenos.
  7581 | D:7      | Reached skill level 1 in Evocations
  7762 | D:7      | Reached *** piety under Okawaru
  7803 | D:7      | Reached XP level 10. HP: 60/60 MP: 13/13
  7872 | D:8      | Reached skill level 5 in Invocations
  7957 | D:8      | Reached skill level 9 in Shields
  8227 | D:8      | Reached **** piety under Okawaru
  8461 | D:9      | Noticed a two-headed ogre
  8463 | D:9      | Found a shimmering altar of Xom.
  8720 | D:8      | Mangled by a two-headed ogre

Illustrated notes

Levels and vault maps discovered:
D:1:      eino_arrival_cavern_c, layout_loops_corners,
          ebering_ecumenical_altar_petrified, chequers_serial_rivers_large_a,
          ebering_dispersal_statue_hall, hex_tiny
D:2:      layout_basic, minmay_fountain_box, minmay_rat_hole
D:3:      layout_loops_cross, mainiacjoe_overflow_six_doors_small,
          kennysheep_decorative_pillar, grunt_decor_cap
D:4:      layout_cave_pools, kennysheep_mini, minitemple
D:5:      nicolae_cairo_tiling_large, layout_rooms, kennysheep_mini_moat,
          minmay_temple_entry_gardened_gates, st_stairs_5
D:6:      layout_basic, gup_sewer_entry_bubbles, serial_shops,
          nicolae_inconvenience_store, fountainhead, minivault_23,
          minmay_misc_feat_tiny
D:7:      layout_cave_pools, mainiacjoe_overflow_24_doors,
          nicolae_ossuary_entry_catacombs, serial_gnoll_camp,
          gnoll_camp_huts_basic, gnoll_camp_mini_loothouse, gnoll_camp_mini_hut,
          gnoll_camp_mini_doghouse
D:8:      layout_basic, amcnicky_altar_gilded, special_room [special_room_orc]
D:9:      cheibrodos_fzero, layout_irregular_city, xom_confusion_cloud,
          nrook_loot_triangle, uniq_grum
Temple:   dshaligram_water_room_temple

Skill      XL: |  1  2  3  4  5  6  7  8  9 10 |
---------------+-------------------------------+-----
Axes           | 2 3 4 5 6 7 8 |  8.6
Armour         | 4 5 6 |  6.0
Shields        | 4 5 6 7 8 9 |  9.2
Fighting       | 4 5 6 |  6.5
Invocations    | 3 4 5 |  5.7
Evocations     | 1 2 |  2.7

Action                   |  1- 3 |  4- 6 |  7- 9 | 10-12 || total
-------------------------+-------+-------+-------+-------++-------
Melee: War axe           |   113 |   192 |   590 |   111 ||  1006
  Use: Scroll            |     5 |     4 |     3 |     4 ||    16
       Potion            |       |     1 |       |       ||     1
Armor: Scale mail        |    76 |   139 |   268 |       ||   483
       Chain mail        |       |       |   126 |    84 ||   210
Dodge: Dodged            |    41 |    26 |   131 |    22 ||   220
Block: Buckler           |     7 |       |       |       ||     7
       Tower shield      |    76 |   169 |   632 |   172 ||  1049

Table legend: (Time is in decaauts)
 A = Elapsed time spent in this place.
 B = Non-inter-level travel time spent in this place.
 C = Inter-level travel time spent in this place.
 D = Time resting spent in this place.
 E = Time spent auto-exploring this place.
 F = Levels seen in this place.
 G = Mean time per level.
                   A        B        C        D        E       F      G
               +--------+--------+--------+--------+--------+-----+--------+
         Total |   9505 |   9321 |    184 |   1597 |   4784 |  12 |  792.1 |
       Dungeon |   8330 |   8146 |    184 |   1597 |   4216 |   9 |  925.6 |
        Temple |     52 |     52 |      0 |      0 |      0 |   1 |   52.0 |
         Sewer |    821 |    821 |      0 |      0 |    452 |   1 |  821.0 |
       Ossuary |    302 |    302 |      0 |      0 |    116 |   1 |  302.0 |
               +--------+--------+--------+--------+--------+-----+--------+

Top non-repeatable levels by time:
     D:1: 1725 daAuts
     D:2: 1428 daAuts
     D:6: 1125 daAuts
     D:7: 996 daAuts
     D:8: 887 daAuts
   Sewer: 821 daAuts
     D:4: 743 daAuts
     D:3: 696 daAuts
     D:5: 681 daAuts
 Ossuary: 302 daAuts
  Temple: 52 daAuts
     D:9: 46 daAuts
